Cogmind - Beta 14 @@@ ROGUE MODE // 2025.03.29 @ 11:19:12 Player: Silfurdreki Result: Destroyed by as-29796 with Assembled Heavy Rifle Performance ------------- Evolutions (0) 0 Regions Visited (2) 400 Robots Destroyed (18) 90 Value Destroyed (317) 317 Prototype IDs (0) 0 Alien Tech Used (0) 0 Bonus (0) 0 TOTAL SCORE: 807 Bonus ------- None Cogmind --------- Core Integrity 0/250 Matter 255/300 Energy 250/250 System Corruption 0% Temperature Cool (0) Movement Rolling (90) Location -10/Mines Parts ------- > --- POWER (1) -------- Ion Engine > --- PROPULSION (2) --- Wheel Compact Wheel > --- UTILITY (2) ------ Heat Sink Small Storage Unit > --- WEAPON (2) ------- Grenade Launcher > --- INVENTORY (8) ---- Light Ion Engine Aluminum Leg Aluminum Leg Signal Interpreter Medium Armor Plating Autogun Autogun Peak State ------------ > --- POWER ------------ Light Nuclear Core > --- PROPULSION ------- Wheel Compact Wheel > --- UTILITY ---------- Heat Sink Small Storage Unit > --- WEAPON ----------- Medium Laser Beam Cannon > --- INVENTORY -------- Ion Engine Light Ion Engine Aluminum Leg Aluminum Leg Aluminum Leg Autogun Autogun Mining Laser [Rating: 10] Favorites ----------- Power Light Nuclear Core Engine Light Ion Engine Power Core Light Nuclear Core Propulsion Compact Wheel Treads Light Treads Leg Aluminum Leg Wheel Compact Wheel Utility Small Storage Unit Device Heat Sink Storage Small Storage Unit Weapon Beam Cannon Energy Gun Medium Laser Energy Cannon Beam Cannon Ballistic Gun Light Assault Rifle Launcher Grenade Launcher Build | -11 -10 -10 ------- Run | Yrd Mat Min Slots Evolved . | . . . Power . | . . . Propulsion . | . . . Utility . | . . . Weapon . | . . . Parts Attached 19 | 8 10 1 Power 3 | 1 2 . Engine 2 | 1 1 . Core 1 | . 1 . Reactor . | . . . Propulsion 7 | 4 3 . Treads 1 | . 1 . Leg 2 | 2 . . Wheel 4 | 2 2 . Hover . | . . . Flight . | . . . Utility 2 | 1 1 . Device 1 | . 1 . Storage 1 | 1 . . Processor . | . . . Hackware . | . . . Protection . | . . . Artifact . | . . . Weapon 7 | 2 4 1 Energy Gun 2 | . 2 . Energy Cannon 2 | . 2 . Ballistic Gun 2 | 2 . . Ballistic Cannon . | . . . Launcher 1 | . . 1 Special Weapon . | . . . Impact Weapon . | . . . Slashing Weapon . | . . . Piercing Weapon . | . . . Special Melee Weapon . | . . . Unidentified Prototypes . | . . . Parts Lost 4 | . 3 1 Power 1 | . 1 . Propulsion 1 | . 1 . Utility . | . . . Weapon 2 | . 1 1 Highest Loss Streak 2 | . 2 1 To Critical Strikes . | . . . Average Slot Usage (%) 94 | . 93 97 Engine 6 | . 4 14 Core 7 | . 9 . Wheel 27 | . 27 28 Device 10 | . 9 14 Storage 14 | . 14 14 Energy Gun 10 | . 12 . Energy Cannon 12 | . 13 12 Launcher 2 | . . 14 Peak Build Rating 10 | 6 10 8 Average Rating 7 | 5 8 7 On Entrance 4 | . 6 7 Naked Turns . | . . . Heaviest Build 17 | 10 16 17 Greatest Support 26 | 26 26 26 Greatest Overweight (x) . | . . . Average Overweight (x) . | . . . Largest Inventory Capacity 8 | 8 8 8 Average Capacity 7 | 7 8 8 Most Carried 8 | 6 8 7 Average Carried 6 | 3 7 6 Final Capacity 8 | 8 8 8 Final Carried 7 | 6 7 7 Class Distribution -------------------- 100% | Mutant Dominant Class ---------------- Mutant | -10/Materials Mutant | -10/Mines Resources | -11 -10 -10 ----------- Run | Yrd Mat Min Matter Collected 395 | 248 117 30 Remotely . | . . . Salvage Created 397 | . 369 28 Parts 31 | . 26 5 Haulers Intercepted . | . . . Recyclers Shooed 2 | . 2 . Parts Field Recycled . | . . . Retrieved Matter . | . . . Parts Self-Destructed . | . . . Prevented . | . . . Kills | -11 -10 -10 ------- Run | Yrd Mat Min Combat Hostiles Destroyed 20 | . 11 9 Guns 4 | . 4 . Cannons 7 | . 7 . AOE 9 | . . 9 Classes Destroyed 5 | . 4 1 Worker 2 | . 2 . Watcher 2 | . 2 . Swarmer 9 | . 6 3 Grunt 5 | . 5 . Assembled 6 | . . 6 Best Kill Streak 6 | . 4 6 Combat Bots Only 6 | . 3 6 Max Kills in Single Turn 3 | . 1 3 Gunslinging . | . . . Exploded 3 | . . 3 Melee . | . . . Uniques/NPCs Destroyed . | . . . Combat | -11 -10 -10 -------- Run | Yrd Mat Min Hostile Shots Fired 93 | . 64 29 Missed 30 | . 16 14 Damage Taken 874 | . 641 233 Core 260 | . 201 59 Absorbed by Shields . | . . . Regen/Repaired (Parts) 126 | . 126 . Core Remaining (%) 100 | 100 . . Volleys Fired 39 | . 33 6 Largest 2 | . 2 1 Hottest 110 | . 110 30 Shots Fired 72 | . 66 6 Gun 33 | . 33 . Cannon 33 | . 33 . Launcher 6 | . . 6 Special . | . . . Kinetic . | . . . Thermal 66 | . 66 . Explosive 6 | . . 6 Electromagnetic . | . . . Robot Hit Streak 11 | . 11 10 Robot Miss Streak 6 | . 6 2 Penetration Max . | . . . Secondary Targets . | . . . Shots Hit Robots 40 | . 38 2 Core Hits 35 | . 16 19 Critical Kills . | . . . Critical Parts Destroyed . | . . . Critical Strikes 4 | . 4 . Burn 4 | . 4 . Melee Attacks . | . . . Impact . | . . . Slashing . | . . . Piercing . | . . . Sneak Attacks . | . . . Combat Hostiles . | . . . Follow-up Attacks . | . . . Damage Inflicted 1177 | . 623 554 Guns 260 | . 260 . Cannons 363 | . 363 . Explosions 554 | . . 554 Melee . | . . . Ramming . | . . . Kinetic . | . . . Thermal 623 | . 623 . Explosive 554 | . . 554 Electromagnetic . | . . . Impact . | . . . Slashing . | . . . Piercing . | . . . Highest Corruption . | . . . Average Corruption . | . . . Corruption Purged . | . . . Corruption Blocked . | . . . Overload Shots . | . . . Overflow Damage 48 | . 9 39 Projectiles 9 | . 9 . Explosions 39 | . . 39 Melee . | . . . Knockbacks . | . . . Impact . | . . . Kinetic . | . . . Secondary . | . . . Self-Inflicted Damage 26 | . . 26 Shots 2 | . . 2 Rammed . | . . . Targets Rammed . | . . . Kicked . | . . . Crushed . | . . . Highest Temperature 296 | . 296 5 Average Temperature 117 | . 118 5 Received Heat Transfer 95 | . 75 20 Siege Activations . | . . . Robots Corrupted . | . . . Combat Hostiles . | . . . Parts Fried . | . . . Impact Corruptions . | . . . Robots Melted . | . . . Combat Hostiles . | . . . Parts Melted 4 | . 4 . Heat Transferred 1850 | . 1850 . Parts Sabotaged . | . . . Parts Stolen . | . . . Parts Stripped . | . . . Power Chain Reactions . | . . . Alert | -11 -10 -10 ------- Run | Yrd Mat Min Peak Influence 297 | . 297 152 Initial 65 | . . 65 Average 121 | . 143 132 Maximum Alert Level 1 | . 1 . Low Security (%) 86 | 100 79 100 Level 1 13 | . 20 . Level 2 . | . . . Level 3 . | . . . Level 4 . | . . . Level 5 . | . . . High Security . | . . . Max Security . | . . . Squads Dispatched 2 | . 2 . Investigation . | . . . Extermination . | . . . Reinforcement 2 | . 2 . Assault . | . . . Garrison . | . . . Intercept . | . . . Searches Triggered . | . . . Construction Impeded . | . . . Haulers Reinforced . | . . . Active Scanning Responses . | . . . Cargo Convoy Interrupts . | . . . Stealth | -11 -10 -10 --------- Run | Yrd Mat Min Distress Signals 2 | . 2 . Communications Jammed . | . . . Distress Signals . | . . . Times Spotted 36 | . 20 16 Peak Tracking Total 11 | . 5 11 Tactical Retreats 2 | . 1 1 Traps | -11 -10 -10 ------- Run | Yrd Mat Min Traps Triggered . | . . . Indirectly . | . . . Trap Hack Attempts . | . . . Triggered . | . . . Disarmed . | . . . Reprogrammed . | . . . Reused . | . . . Traps Extracted . | . . . Installed . | . . . Triggered . | . . . Machines | -11 -10 -10 ---------- Run | Yrd Mat Min Machines Disabled 1 | . 1 . Max in Single Turn 1 | . 1 . Machines Repaired . | . . . Machines Dismantled . | . . . Machines Sabotaged . | . . . Overloaded Fab Kills . | . . . Hacking | -11 -10 -10 --------- Run | Yrd Mat Min Machines Accessed 5 | . 5 . Terminals 4 | . 4 . Fabricators . | . . . Repair Stations 1 | . 1 . Recycling Units . | . . . Scanalyzers . | . . . Garrison Access . | . . . Total Hacks 16 | . 16 . Successful 9 | . 9 . Failed 7 | . 7 . Catastrophic . | . . . Database Lockouts . | . . . Manual 9 | . 9 . Terminals 11 | . 11 . Fabricators . | . . . Repair Stations 5 | . 5 . Recycling Units . | . . . Scanalyzers . | . . . Garrison Access . | . . . Terminal Hacks 1 | . 1 . Record 1 | . 1 . Fabricator Hacks . | . . . Repair Station Hacks 4 | . 4 . Scan Component 2 | . 2 . Repair 2 | . 2 . Recycling Unit Hacks . | . . . Scanalyzer . | . . . Garrison Access Hacks . | . . . Unauthorized Hacks 4 | . 4 . Terminals 4 | . 4 . Assimilate 1 | . 1 . Botnet 3 | . 3 . Fabricators . | . . . Repair Stations . | . . . Recycling Units . | . . . Scanalyzers . | . . . Garrison Access . | . . . Data Cores Recovered . | . . . Used . | . . . Hacking Detections 4 | . 4 . Full Trace Events 1 | . 1 . Feedback Events . | . . . Feedback Blocked . | . . . Robot Schematics Acquired . | . . . Robots Built . | . . . Authchips . | . . . Time . | . . . Total Robot Build Rating . | . . . Part Schematics Acquired . | . . . Parts Built . | . . . Authchips . | . . . Time . | . . . Total Part Build Rating . | . . . Parts Repaired 2 | . 2 . Time 52 | . 52 . Parts Recycled . | . . . Recycled Matter . | . . . Retrieved Matter . | . . . Retrieved Components . | . . . Parts Scanalyzed . | . . . Part Schematics Acquired . | . . . Parts Damaged . | . . . Bothacking | -11 -10 -10 ------------ Run | Yrd Mat Min Used RIF Installer . | . . . Robots Hacked . | . . . Non-combat . | . . . Combat . | . . . Robot Hacks Applied . | . . . Relay Couplers Released . | . . . Fabnet Peak Effective % . | . . . Robots Rewired . | . . . Allies Hacked . | . . . Hacks Repelled . | . . . Allies | -11 -10 -10 -------- Run | Yrd Mat Min Total Allies . | . . . Largest Group . | . . . Highest-Rated Group . | . . . Highest-Rated Ally . | . . . Total Orders . | . . . Ally Attacks . | . . . Total Damage . | . . . Kills . | . . . Allies Corrupted . | . . . Allies Melted . | . . . Intel | -11 -10 -10 ------- Run | Yrd Mat Min Robot Analysis Total . | . . . Derelict Logs Recovered 1 | . . 1 Drone Launches . | . . . Drone Recoveries . | . . . Exploration | -11 -10 -10 ------------- Run | Yrd Mat Min Turns Passed 788 | 111 537 140 Spaces Moved 574 | 82 355 137 Core 8 | 8 . . Treads 7 | . 7 . Legs 53 | 53 . . Wheels 506 | 21 348 137 Hover . | . . . Flight . | . . . Fastest Speed 50 | 50 90 90 Average Speed 93 | 105 91 90 Slowest Speed 160 | 120 160 90 Overloaded Moves . | . . . Propulsion Burnouts . | . . . Robots Hopped . | . . . Cave-ins Triggered . | . . . Exploration Rate (%) 44 | 5 78 50 Regions Visited 2 Branch Regions 1 Pre-discovered Areas 1 | . . 1 Known Exits Taken . | . . . Unknown Exits Taken 2 | 1 1 . Scrap Searched 2 | . . 2 Spaces Dug . | . . . Terrain Destroyed 32 | . . 32 Melee . | . . . Projectile . | . . . AOE 32 | . . 32 Terrain Rammed . | . . . Walls Destroyed . | . . . Machines Disabled . | . . . Actions | -11 -10 -10 --------- Run | Yrd Mat Min Total 752 | 102 501 149 Wait 99 | 7 88 4 Move 572 | 81 354 137 Hop . | . . . Pick Up 14 | 6 7 1 Fast Attach 11 | 6 5 . Attach 3 | . 2 1 Detach 1 | . 1 . Swap 5 | 2 3 . Drop 8 | . 8 . Fire 39 | . 33 6 Melee . | . . . Ram . | . . . Kick . | . . . Crush . | . . . Escape Stasis . | . . . Rewire . | . . . Trap . | . . . Miscellaneous . | . . . Route ------- -11/Scrapyard -10/Materials (discovered 3 exits: [*Mat x2] / [*Min]) -10/Mines History --------- Turn | Location | Event 5 | -11/Scrapyard | Discovered new exit (range 15) 112 | -11/Scrapyard | Entered Materials 330 | -10/Materials | Build established: Mutant 342 | -10/Materials | Repaired Med. Laser 369 | -10/Materials | Repaired Beam Cannon 413 | -10/Materials | Discovered new exit (range 10) 550 | -10/Materials | Discovered new exit (range 13) 631 | -10/Materials | Core integrity fell below 50% 631 | -10/Materials | Core integrity fell below 20% 644 | -10/Materials | Discovered new exit (range 6) 649 | -10/Materials | Entered Mines 743 | -10/Mines | Assembled infested the area 748 | -10/Mines | Assisted by a Guerilla fighting off Assembled 764 | -10/Mines | Learned location of Zion (-6) 789 | -10/Mines | Destroyed by as-29796 with Assembled Heavy Rifle Last Messages --------------- need to get out of here! I've been tracking a group of Assembled to figure out where they're coming from, and they're closing on this area, come on!" 00751_ LK-6ZP(h): "I'll hold them off! Go on ahead or try to find another way!" 00757_ Searching scrap... 00757_ Found Flight Unit. 00757_ Found 50 Matter. 00764_ Acquired derelict log, extracted data. World map updated: -6/Zion. 00765_ as-36074 destroyed. 00767_ Destroyed Asb. F-torch. 00767_ as-68948 destroyed. 00767_ as-29397 destroyed. 00767_ as-90118 destroyed. 00769_ as-55736 destroyed. 00769_ Beam Cannon destroyed. 00781_ T-07 Excavator is excavating. 00789_ as-47811 destroyed. Map ----- +----------------------------------------------------+ | #####????????????????###### #?????# #????????????? | | ?????????????????????# %= #?????# #????????????? | | ?????????????????????# ######?????# #????????????? | | ???????????????###???# #?########?# #????????????? | | ??????????????## #### ## #?# ????????????? | | ?????????????## #?###????????????? | | ????????????## = ### # #????????????????? | | ???????????## * = % #? #????????????????? | | ???????????# % #??### ##????????????????? | | ????????? ## % * ##???????????????????????? | | ???????? ###???#?????????????????? | | ???????? ### #?????????????????? | | ?????????## # # !% $#?????????????????? | | ????????????########## " ## #?????????????????? | | ????????????????????## ##????????????????????? | | ??????????????????### ###?????????????????????? | | ??????????????????# a ##???????????????????????? | | ?????????????????## #????????????????????????? | | ?????????????????# a##????????????????????????? | | ??????????####???# a #?????????????????????????? | | ??????????# ## a ####?????????????????????? | | ?????????# #?????????????????????? | | ?????????# #?????????????????????? | | ????????# ## # ##????????????????????? | | ????????# ??# ## #????????????????????? | | ????????? ???#??### @ #????????????????????? | | ????????? ?????????### #????????????????????? | | ?????????? ????????????# t##????????????????????? | | ????????????????????????# ##?????????????????????? | | ????????????????????????###??????????????????????? | | ?????????????????????????????????????????????????? | | ?????????????????????????????????????????????????? | | ?????????????????????????????????????????????????? | | ?????????????????????????????????????????????????? | | ?????????????????????????????????????????????????? | | ?????????????????????????????????????????????????? | | ?????????????????????????????????????????????????? | | ?????????????????????????????????????????????????? | | ?????????????????????????????????????????????????? | | ?????????????????????????????????????????????????? | | | | | | | | | | | | | | | | | | | | | +----------------------------------------------------+ Best States ------------- Heat Dissipation 35 Energy Generation 14 Energy Capacity 250 Matter Stores 300 Matter Capacity 300 Sight Range 16 Terrain Scan Density 10 Evasion (%) 55 Recoil Reduction 1 Item Schematics ----------------- None Robot Schematics ------------------ None Fabricated ------------ Nothing Alien Tech Used ----------------- None Achievements -------------- None Challenges ------------ None Game ------ Seed MakeshiftCooledScreen Manual? 0 Play Time 00:09:48 Cumulative 29.9 hours Start 2025.03.29 @ 11:10:43 End 2025.03.29 @ 11:19:12 Sessions 1 Manual Loads 0 Difficulty Rogue Special Mode None Game No. 51 Rogue 51 Adventurer 0 Explorer 0 Win Type - Total 0 Types 0/0/0/0/0/0/0/0/0 Lore% 26 Gallery% 31 Achievement% 31 Wizard Run 0 Options --------- Layout 1 ASCII 0 Keyboard 0 Movement Numpad Keybinds 0 Fullscreen 1 Font 32/SmallcapsGlow Map View 50x35 Zoom Use 0% Tactical HUD 1 Map Filters NONE Filters NONE Steam 1 RUN: 0a7baa67-65ea-4dc4-a367-503334a8ab4e